 Dungeon Crawl Stone Soup version 0.30-a0-1050-g2766ea1e55 (webtiles) character file.

Game seed: 16246626288738535147

46499 Ic0nGaming the Unseen (level 14, -9/92 HPs)
             Began as a Kobold Fighter on Apr 10, 2023.
             Was an Initiate of Gozag.
             Killed from afar by a hell hound (10 damage)
             ... with a blast of flame
             ... on level 5 of the Lair of Beasts.
             The game lasted 00:55:44 (20889 turns).

Ic0nGaming the Unseen (Kobold Fighter)             Turns: 20889, Time: 00:55:45

Health: -9/92      AC: 12    Str: 20    XL:     14   Next: 76%
Magic:  14/14      EV: 14    Int: 10    God:    Gozag
Gold:   2818       SH:  7    Dex: 16    Spells: 13/13 levels left

rFire   + . .      SeeInvis .    j - +4 rapier (drain)
rCold   + + .      Faith    .    c - +2 buckler
rNeg    + + .      Spirit   .    b - +0 scale mail
rPois   +          Reflect  .    t - +1 helmet
rElec   +          Rampage  +    (no cloak)
rCorr   +                        (no gloves)
Will    +....                    p - +2 pair of boots {Stlth+}
Stlth   ++++++++                 C - amulet of Yvaase {Rampage rN++ Regen+ Str+4}
HPRegen 1.15/turn                E - ring of protection from cold
MPRegen 0.14/turn                K - ring of poison resistance

@: mighty, about to teleport, resistant, gold aura, hasted, studying Summonings,
very quick
A: small, no large weapons, nightstalker 3
a: Renounce Religion, Potion Petition, Call Merchant, Bribe Branch


You were on level 5 of the Lair of Beasts.
You worshipped Gozag.
Gozag was most pleased with you.
You visited 3 branches of the dungeon, and saw 16 of its levels.
You also visited: Sewer, Ossuary, Bailey and Gauntlet.

You collected 4342 gold pieces.
You spent 1402 gold pieces at shops.
You paid 122 gold pieces to Gozag.

Inventory:

Hand Weapons
 a - a +0 rapier
 j - a +4 rapier of draining (weapon)
Missiles
 l - 6 boomerangs (quivered)
Armour
 b - a +0 scale mail (worn)
 c - a +2 buckler (worn)
 p - a +2 pair of boots of stealth (worn)
 t - a +1 helmet (worn)
Jewellery
 h - a ring of resist corrosion
 C - the amulet of Yvaase (around neck) {Rampage rN++ Regen+ Str+4}
   (You bought it in a shop on level 8 of the Dungeon)

   [amulet of regeneration]

   Str:       It affects your strength (+4).
   rN:        It greatly protects you from negative energy.
   Regen:     It increases your rate of health regeneration.
   Rampage:   It bestows one free step when moving towards enemies.
 E - a ring of protection from cold (left hand)
 K - a ring of poison resistance (right hand)
 L - a ring of willpower
Wands
 f - a wand of iceblast (9)
 q - a wand of paralysis (2)
 y - a wand of flame (36)
 B - a wand of acid (3)
 G - a wand of mindburst (5)
 H - a wand of polymorph (11)
Scrolls
 k - 7 scrolls of teleportation
 s - 3 scrolls of fog
 x - 5 scrolls of identify
 z - a scroll of fear
 D - 2 scrolls of magic mapping
Potions
 g - 5 potions of attraction
 i - 2 potions of ambrosia
 o - 2 potions of might
 r - 5 potions of heal wounds
 u - 2 potions of cancellation
 v - 3 potions of haste
 w - 3 potions of curing
 A - a potion of magic
 F - 3 potions of mutation
 I - 2 potions of brilliance


   Skills:
 - Level 12.1 Fighting
 - Level 14.0 Short Blades
 + Level 4.6 Armour
 + Level 5.4 Dodging
 - Level 20.1 Stealth
 + Level 4.5 Shields
 + Level 12.6 Evocations


You had 13 spell levels left.
You didn't know any spells.
Your spell library contained the following spells:

 Spells                   Type           Power      Damage    Failure   Level
 Foxfire                  Conj/Fire      0%         2x1d4     83%         1
 Magic Dart               Conj           0%         1d3       83%         1
 Sting                    Tmut/Pois      0%         1d3       83%         1
 Cigotuvi's Dreadful Rot  Necr/Pois/Air  0%         N/A       92%         2
 Poisonous Vapours        Pois/Air       0%         N/A       92%         2
 Searing Ray              Conj           0%         2d4       92%         2
 Gell's Gravitas          Tloc           0%         N/A       99%         3
 Spider Form              Tmut/Pois      0%         N/A       99%         3
 Teleport Other           Tloc           0%         N/A       99%         3
 Vhi's Electric Charge    Tloc/Air       0%         N/A       99%         3
 Dispel Undead            Necr           0%         3d6       100%        4
 Fulminant Prism          Conj/Hex       0%         3d5       100%        4
 Olgreb's Toxic Radiance  Pois           0%         N/A       100%        4
 Petrify                  Tmut/Erth      0%         N/A       100%        4
 Arcjolt                  Conj/Air       0%         1d10      100%        5
 Blade Hands              Tmut           0%         N/A       100%        5
 Fireball                 Conj/Fire      0%         3d3       100%        5
 Irradiate                Conj/Tmut      0%         3d11      100%        5
 Death Channel            Necr           0%         N/A       100%        6
 Dispersal                Tloc           0%         N/A       100%        6
 Plasma Beam              Fire/Air       0%         2x1d11    100%        6
 Starburst                Conj/Fire      0%         6d3       100%        6
 Dragon Form              Tmut           0%         N/A       100%        7


Dungeon Overview and Level Annotations

Branches:
Dungeon (10/15)            Temple (1/1) D:6            Lair (5/5) D:10
  Swamp (0/4) Lair:2       Spider (0/4) Lair:3        Slime (0/5) Lair:4
    Orc (0/2) D:10          Sewer (visited)         Ossuary (visited)
 Bailey (visited)         Gauntlet (visited)

Altars:
Ashenzari
Cheibriados
Dithmenos
Elyvilon
Fedhas
Gozag
Hepliaklqana
Kikubaaqudgha
Makhleb
Nemelex Xobeh
Okawaru
Qazlal
Ru
Sif Muna
Trog
Uskayaw
Vehumet
Wu Jian
Xom
Yredelemnul
Zin
The Shining One
Jiyva

Shops:
D:4 *   D:8 =

Annotations:
D:7 2 transporters, Querens's ghost, novice FoFi
Lair:2 exclusion: oklob plant
Lair:4 1 runed translucent door
Lair:5 Rupert


Innate Abilities, Weirdness & Mutations

You are small and have problems with some larger weapons.
You are completely attuned to the shadows.


Message History

The blast of flame misses you.
You closely miss the sun demon. You hit the sun demon but do no damage.
The sun demon hits you!
You are engulfed in flames!
You feel much better. You block the sun demon's attack.
You feel protected.
You hit the sun demon.
The sun demon is lightly wounded.
The sun demon hits you!
You are engulfed in flames!
You resist.
You feel much better. The smoke demon gestures at you. Something smites you!
The sun demon barely misses you.
You feel very mighty all of a sudden. The smoke demon gestures at you.
The ball of steam misses the sun demon.
The ball of steam misses you. The sun demon completely misses you.
You puncture the sun demon!
The sun demon is moderately wounded.
You hit the sun demon.
The sun demon is moderately wounded.
The hell hound is distracted by your dazzling golden aura.
The sun demon hits you!
You are engulfed in flames!
You resist.
The hell hound barks!
You puncture the sun demon!
The sun demon is heavily wounded.
The hell hound is no longer distracted by gold.
The smoke demon gestures at you. Something smites you!
* * * LOW HITPOINT WARNING * * *
Unknown command.
As you read the scroll of teleportation, it crumbles to dust.
You feel strangely unstable. The sun demon hits you!
* * * LOW HITPOINT WARNING * * *
You are engulfed in flames.
You resist.
* * * LOW HITPOINT WARNING * * *
The hell hound breathes flames at you.
The blast of flame hits the sun demon.
The sun demon completely resists.
The blast of flame hits you! You resist.
You die...
Your body crumbles into a pile of gold.

♣....♣ ♣♣♣.......♣♣
#######''###### ♣♣♣.♣♣.♣♣
#.............#########'♣♣♣♣♣
#....8....8...#........#♣
#.............)...8.8..#
###############..8.#...# ♣
......#§§§8.#..# ♣♣
3.....#§§#.8...# ♣.
._...h3@§.#.8..# ♣.
.....3#§§8.8...# ♣♣
≈.....#).......# ♣
§≈≈############# ≈≈§ ##


You could see a sun demon, a smoke demon and a hell hound (catching breath).

Vanquished Creatures
  A dire elephant (Lair:5)
  2 vault guards (Bailey)
  9 hydras
  A two-headed ogre (D:9)
  A pharaoh ant (Lair:3)
  4 skysharks
  A wizard (Lair:5)
  7 elephants (Lair:5)
  5 black mambas
  10 cane toads
  A torpor snail (Lair:1)
  An orange demon (Lair:5)
  6 rime drakes
  11 komodo dragons
  3 red devils (Lair:5)
  A polar bear (Lair:5)
  A tarantella (Lair:3)
  14 blink frogs
  7 dream sheep (Lair:3)
  Grinder (D:3)
  2 hornets (D:9)
  Prince Ribbit (Bailey)
  5 wyverns
  41 yaks
  A wraith (D:6)
  5 humans (Bailey)
  A redback (Lair:3)
  3 basilisks
  A steam dragon (D:8)
  Menkaure (D:5)
  Edmund (D:6)
  2 swamp worms (Lair:2)
  A hell hound (Lair:5)
  10 water moccasins
  7 orc warriors
  4 black bears
  3 sky beasts
  20 wolves
  3 ogres
  9 centaurs
  2 phantoms (D:6)
  8 kobold brigands
  19 bullfrogs
  A gnoll sergeant (D:6)
  2 scorpions
  5 water moccasin zombies (Ossuary)
  5 wights (D:6)
  11 killer bees
  9 howler monkeys
  2 jellies (D:6)
  2 orc priests (D:8)
  3 gnoll boudas
  4 hounds
  3 iguanas
  2 sleepcaps
  4 orc wizards
  2 mummies (Ossuary)
  8 adders
  14 gnolls
  4 river rats (Sewer)
  2 ufetubi (D:6)
  6 adder zombies (Ossuary)
  8 worms
  2 dart slugs
  28 orcs
  8 bats
  10 endoplasms
  2 giant cockroaches
  6 gnoll zombies (Ossuary)
  12 goblins
  9 hobgoblins
  9 jackals
  2 quokkas
  6 ball pythons
  A frilled lizard (D:2)
  4 hobgoblin zombies (Ossuary)
  41 kobolds
  7 kobold zombies (Ossuary)
  3 orc zombies (Ossuary)
  9 rats
  A spectral goblin (D:9)
  3 butterflies
497 creatures vanquished.

Vanquished Creatures (others)
  A kobold brigand (Sewer)
  An orc (D:7)
  A kobold (Sewer)
  39 fungi
  27 plants
  3 toadstools (D:10)
72 creatures vanquished.

Grand Total: 569 creatures vanquished

Notes
Turn   | Place    | Note
-------+----------+-------------------------------------------
     0 | D:1      | Ic0nGaming the Kobold Fighter began the quest for the Orb.
     0 | D:1      | Reached XP level 1. HP: 14/14 MP: 1/1
   136 | D:1      | Reached XP level 2. HP: 19/19 MP: 2/2
   939 | D:2      | Reached XP level 3. HP: 20/23 MP: 3/3
  1010 | D:2      | Found a faded altar of an unknown god.
  1251 | D:2      | Reached skill level 5 in Short Blades
  1433 | D:2      | Reached XP level 4. HP: 11/28 MP: 4/4
  1998 | D:3      | Found Luther's Weapon Shop.
  2191 | D:3      | Noticed Grinder
  2240 | D:3      | Identified a scroll of acquirement
  2240 | D:3      | Acquired a +2 rapier of draining
  2330 | D:3      | Paralysed by Grinder for 2 turns
  2354 | D:3      | Killed Grinder
  2355 | D:3      | Reached XP level 5. HP: 11/32 MP: 5/5
  2355 | D:3      | Reached XP level 6. HP: 13/37 MP: 6/6
  2468 | D:3      | Got the Atlas of the Ninety-Nine Eyes
  2841 | D:4      | Found a shimmering blue altar of Sif Muna.
  2851 | D:4      | Noticed an ogre
  2910 | D:4      | Noticed an ogre
  2917 | D:4      | Noticed a black bear
  2947 | D:4      | Killed a black bear
  2948 | D:4      | Reached XP level 7. HP: 35/41 MP: 7/7
  3147 | D:4      | Found a glowing drain.
  3163 | Sewer    | Entered a sewer
  3455 | Sewer    | Reached skill level 10 in Short Blades
  3816 | Sewer    | Reached XP level 8. HP: 45/46 MP: 8/8
  4705 | D:4      | Found Amnuot's General Store.
  4710 | D:4      | Bought a wand of iceblast (8) for 192 gold pieces
  4857 | D:5      | Entered Level 5 of the Dungeon
  4889 | D:5      | You fall into a shaft and drop 2 floors!
  5075 | D:7      | Found a sand-covered staircase.
  5081 | Ossuary  | Entered an ossuary
  5358 | Ossuary  | Reached XP level 9. HP: 50/51 MP: 9/9
  5739 | D:5      | Noticed Menkaure
  5751 | D:5      | Killed Menkaure
  5752 | D:5      | Reached skill level 2 in Stealth
  5752 | D:5      | Reached skill level 1 in Evocations
  6177 | D:5      | Reached skill level 3 in Stealth
  6411 | D:6      | Reached skill level 4 in Stealth
  6454 | D:6      | Reached skill level 5 in Stealth
  6589 | D:6      | Found a staircase to the Ecumenical Temple.
  6648 | Temple   | Entered the Ecumenical Temple
  6902 | Temple   | Became a worshipper of Gozag Ym Sagoz the Greedy
  7214 | D:6      | Reached skill level 6 in Stealth
  7508 | D:6      | Noticed Edmund
  7532 | D:6      | Killed Edmund
  7533 | D:6      | Reached skill level 7 in Stealth
  8205 | D:6      | Reached skill level 8 in Stealth
  8263 | D:6      | Reached XP level 10. HP: 56/56 MP: 10/10
  8278 | D:6      | Reached skill level 5 in Evocations
  8292 | D:6      | Reached skill level 9 in Stealth
  8298 | D:6      | Noticed a komodo dragon
  8422 | D:6      | Reached skill level 10 in Stealth
  8619 | D:6      | Killed a komodo dragon
  8620 | D:6      | Reached skill level 11 in Stealth
  8826 | D:7      | Found a transporter.
  8916 | D:7      | Found a transporter.
  8948 | D:7      | Found a snail-covered altar of Cheibriados.
  9050 | D:7      | Noticed a komodo dragon
  9062 | D:7      | Killed a komodo dragon
  9231 | D:7      | Noticed Querens's ghost (novice FoFi)
  9346 | D:8      | Found a blossoming altar of Fedhas.
  9347 | D:8      | Found a shadowy altar of Dithmenos.
  9347 | D:8      | Found a basalt altar of Yredelemnul.
  9489 | D:8      | Reached skill level 12 in Stealth
  9599 | D:8      | Found Saessah's Jewellery Emporium.
  9656 | D:8      | Found a flagged portal.
  9677 | Bailey   | Entered a bailey
 10011 | Bailey   | Reached skill level 13 in Stealth
 10023 | Bailey   | Reached XP level 11. HP: 60/60 MP: 11/11
 10085 | Bailey   | Noticed Prince Ribbit
 10092 | Bailey   | Noticed a vault guard
 10104 | Bailey   | Killed Prince Ribbit
 10120 | Bailey   | Killed a vault guard
 10121 | Bailey   | Reached skill level 14 in Stealth
 10242 | Bailey   | Noticed a vault guard
 10273 | Bailey   | Killed a vault guard
 10732 | D:8      | Reached skill level 15 in Stealth
 11136 | D:8      | Bought the amulet of Yvaase {Rampage rN++ Regen+ Str+4} for
                  | 670 gold pieces
 11487 | D:9      | Noticed a two-headed ogre
 11490 | D:9      | Killed a two-headed ogre
 11504 | D:9      | Paralysed by a hornet for 2 turns
 11748 | D:9      | Found a hazy altar of Hepliaklqana.
 11838 | D:9      | Reached skill level 16 in Stealth
 11898 | D:9      | Reached skill level 10 in Evocations
 12276 | D:10     | Entered Level 10 of the Dungeon
 12398 | D:10     | Reached XP level 12. HP: 63/64 MP: 12/12
 12590 | D:10     | Reached skill level 17 in Stealth
 12672 | D:10     | Found a staircase to the Lair.
 12883 | D:10     | Found a staircase to the Orcish Mines.
 13001 | D:10     | Identified the +0 leather armour of the Guava {rPois Int-2
                  | Dex+7}
 13331 | Lair:1   | Entered Level 1 of the Lair of Beasts
 13421 | D:8      | Bought a ring of poison resistance for 240 gold pieces
 13423 | D:8      | Bought a ring of willpower for 300 gold pieces
 13540 | Lair:1   | Reached skill level 18 in Stealth
 14433 | Lair:2   | Reached skill level 5 in Fighting
 14671 | Lair:2   | Found a gate leading to a gauntlet.
 14677 | Gauntlet | Entered a Gauntlet
 14683 | Gauntlet | Found a transporter.
 14705 | Gauntlet | Noticed a death scarab
 14709 | Gauntlet | Found a transporter.
 14735 | Gauntlet | Found a transporter.
 14749 | Gauntlet | Found a transporter.
 14774 | Gauntlet | Found a transporter.
 14782 | Gauntlet | Found a transporter.
 14782 | Gauntlet | Found a transporter.
 14805 | Gauntlet | Found a transporter.
 14831 | Gauntlet | Found a transporter.
 14832 | Gauntlet | Found the ring of the Hare {EV+10}
 14833 | Gauntlet | Noticed a green death
 14855 | Gauntlet | Noticed a green death
 14867 | Gauntlet | Found a transporter.
 15021 | Lair:2   | Found a staircase to the Swamp.
 15695 | Lair:2   | Found a snail-covered altar of Cheibriados.
 15807 | Lair:2   | Reached XP level 13. HP: 76/76 MP: 13/13
 16154 | Lair:3   | Found a hole to the Spider Nest.
 16197 | Lair:3   | Identified the +7 scimitar of Ufoihaot {vamp, rF+ SInv}
 16590 | Lair:3   | Reached skill level 10 in Fighting
 17601 | Lair:4   | Noticed a six-headed hydra
 17605 | Lair:4   | Killed a six-headed hydra
 17628 | Lair:4   | Noticed a six-headed hydra
 17630 | Lair:4   | Killed a six-headed hydra
 17663 | Lair:4   | Reached skill level 19 in Stealth
 17777 | Lair:4   | Noticed a four-headed hydra
 17784 | Lair:4   | Killed a four-headed hydra
 17986 | Lair:4   | You fall into a shaft and drop 1 floor!
 17986 | Lair:5   | Entered Level 5 of the Lair of Beasts
 17986 | Lair:5   | Noticed a six-headed hydra
 18275 | Lair:4   | Found a runed translucent door.
 18275 | Lair:4   | Found a viscous altar of Jiyva.
 18295 | Lair:4   | Identified the +3 dagger of Shame {vamp, rElec}
 18497 | Lair:4   | Found a basalt altar of Yredelemnul.
 18572 | Lair:4   | Found a staircase to the Slime Pits.
 18781 | Lair:5   | Reached skill level 20 in Stealth
 18843 | Lair:5   | Killed a six-headed hydra
 18844 | Lair:5   | Reached XP level 14. HP: 69/92 MP: 14/14
 18969 | Lair:5   | Reached skill level 1 in Dodging
 19278 | Lair:5   | Noticed Rupert
 19932 | Lair:5   | Noticed a dire elephant
 19937 | Lair:5   | Killed a dire elephant
 19971 | Lair:5   | Found a burning altar of Makhleb.
 20058 | Lair:5   | Reached skill level 5 in Dodging
 20889 | Lair:5   | HP: 1/92 [sun demon (5)]
 20889 | Lair:5   | Killed from afar by a hell hound

Illustrated notes

Levels and vault maps discovered:
D:1:      ebering_hopf_link, layout_basic
D:2:      layout_loops_ring, chequers_ecumenical_altar_simple_redux
D:3:      layout_basic, serial_shops, nicolae_shop_competitors_out_of_business,
          uniq_grinder
D:4:      layout_cave_pools, mainiacjoe_overflow_six_doors_small, serial_shops,
          shop, cheibrodos_sewer_entry_bend
D:5:      layout_cave_pods, kennysheep_boxes, uniq_menkaure
D:6:      kennysheep_windowed_halls, layout_basic, temple_green, uniq_edmund
D:7:      layout_cave_pools, cheibrodos_worm_habitat,
          gammafunk_ghost_stat_death, nicolae_ossuary_entry_monument,
          st_stairs_4
D:8:      layout_basic, chequers_temple_overflow_statue_of_worship,
          serial_shops, nicolae_inconvenience_store, enter_bailey_3,
          minmay_orc_keep
D:9:      layout_basic, nicolae_hepliaklqana_monster_ancestors
D:10:     layout_long_grid, lair_entry_dummy, david_orc_2,
          minmay_gold_behind_fungi
Temple:   nicolae_temple_bog_church
Lair:1:   layout_chaotic_city, lemuel_fruit_fields
Lair:2:   layout_cave_pods, minmay_swamp_entry_worms, gauntlet_entry_generic,
          lemuel_oklob_altar, lemuel_fruit_fields, lemuel_fruit_tree
Lair:3:   layout_layer_cave, nicolae_spider_entry_lesser_pyramids
Lair:4:   layout_regular_city, slime_entry_2, lemuel_centaur_altar,
          infiniplex_staircase_pool_2, grunt_megastairs_5
Lair:5:   evil_forest, layout_small_grid, lemuel_fruit_fields, uniq_rupert

Skill      XL: |  1  2  3  4  5  6  7  8  9 10 11 12 13 14 |
---------------+-------------------------------------------+-----
Short Blades   | 3 4 5 8 9 11 13 14 | 14.0
Stealth        | 8 13 16 18 20 | 20.1
Evocations     | 4 7 10 11 12 | 12.6
Fighting       | 7 12 | 12.1
Dodging        | 5 |  5.4
Armour         | 4 |  4.6
Shields        | 4 |  4.5

Action                     |  1- 3 |  4- 6 |  7- 9 | 10-12 | 13-15 || total
---------------------------+-------+-------+-------+-------+-------++-------
  Melee: Rapier            |   130 |    94 |   540 |   778 |   557 ||  2099
  Throw: Boomerang         |       |     1 |    14 |     3 |     4 ||    22
  Evoke: Wand              |       |       |       |     4 |    22 ||    26
    Use: Scroll            |     5 |     7 |    10 |     8 |     9 ||    39
         Potion            |       |     4 |     1 |     3 |    10 ||    18
   Stab: Sleeping          |       |       |     8 |    55 |    44 ||   107
         Distracted        |       |       |       |    14 |     5 ||    19
         Invisible         |       |       |       |       |     1 ||     1
         Paralysed         |       |       |       |       |     1 ||     1
 Armour: Scale mail        |    46 |    25 |    49 |   103 |    99 ||   322
         Skin              |       |     8 |     6 |       |    11 ||    25
  Dodge: Dodged            |    65 |    33 |   120 |   278 |   163 ||   659
  Block: Buckler           |    22 |    21 |   202 |   248 |   114 ||   607
         Reflection        |       |       |     8 |     4 |       ||    12

Table legend: (Time is in decaauts)
 A = Elapsed time spent in this place.
 B = Non-inter-level travel time spent in this place.
 C = Inter-level travel time spent in this place.
 D = Time resting spent in this place.
 E = Time spent auto-exploring this place.
 F = Levels seen in this place.
 G = Mean time per level.
                   A        B        C        D        E       F      G
               +--------+--------+--------+--------+--------+-----+--------+
         Total |  20368 |  19801 |    567 |   3313 |  11969 |  20 | 1018.4 |
       Dungeon |  10966 |  10517 |    449 |   1681 |   6527 |  10 | 1096.6 |
        Temple |    282 |    272 |     10 |      0 |    233 |   1 |  282.0 |
          Lair |   6844 |   6737 |    107 |    976 |   4266 |   5 | 1368.8 |
         Sewer |   1103 |   1103 |      0 |    246 |    607 |   1 | 1103.0 |
       Ossuary |    344 |    344 |      0 |    116 |     81 |   1 |  344.0 |
        Bailey |    596 |    596 |      0 |    294 |     68 |   1 |  596.0 |
      Gauntlet |    231 |    231 |      0 |      0 |    184 |   1 |  231.0 |
               +--------+--------+--------+--------+--------+-----+--------+

Top non-repeatable levels by time:
  Lair:5: 1990 daAuts
     D:6: 1987 daAuts
     D:8: 1395 daAuts
  Lair:4: 1381 daAuts
  Lair:2: 1346 daAuts
  Lair:3: 1253 daAuts
     D:2: 1170 daAuts
   Sewer: 1103 daAuts
     D:4: 1046 daAuts
     D:5: 996 daAuts
    D:10: 994 daAuts
     D:9: 976 daAuts
     D:3: 972 daAuts
  Lair:1: 872 daAuts
     D:1: 713 daAuts
